 Dungeon Crawl Stone Soup version 0.28.0-45-g0d030f2227 (webtiles) character file.

Game seed: 18040952015434149665

117 DearestLeader the Chopper (level 5, -4/42 HPs)
             Began as a Gnoll Chaos Knight on Apr 18, 2022.
             Was a Plaything of Xom.
             Slain by an ogre
             ... wielding a +0 giant club
              (18 damage)
             ... on level 4 of the Dungeon.
             The game lasted 00:03:57 (3024 turns).

DearestLeader the Chopper (Gnoll Chaos Knight)      Turns: 3024, Time: 00:03:58

Health: -4/42      AC:  6    Str: 13      XL:     5   Next: 1%
Magic:  6/6        EV: 12    Int: 11 (12) God:    Xom [.*....]
Gold:   125        SH:  0    Dex: 11      Spells: 3/6 levels left

rFire   . . .      SeeInvis .   a - +0 hand axe (chaos)
rCold   . . .      Faith    .   (no shield)
rNeg    . . .      Spirit   .   b - +2 leather armour
rPois   .          Reflect  .   q - +0 helmet
rElec   .          Harm     .   (no cloak)
rCorr   .          Rampage  .   (no gloves)
Will    .....                   (no boots)
Stlth   +.........              (no amulet)
HPRegen 0.14/turn               (no ring)
MPRegen 0.10/turn               (no ring)

@: liquefying, slowed movement, very slow
A: fangs 1, strong nose, distributed training, frail 1, no potion heal 1
a: Renounce Religion


You were on level 4 of the Dungeon.
You worshipped Xom.
You were a plaything of Xom.
You visited 1 branch of the dungeon, and saw 4 of its levels.

You collected 125 gold pieces.

Inventory:

Hand Weapons
 a - a +0 hand axe of chaos (weapon)
Missiles
 g - 14 poisoned darts (quivered)
 j - a throwing net
 m - 6 javelins
Armour
 b - a +2 leather armour (worn)
 q - a +0 helmet (worn)
Scrolls
 c - a scroll of vulnerability
 d - a scroll of enchant weapon {unknown}
 h - 3 scrolls of enchant armour
 n - a scroll of silence
 p - a scroll of noise
Potions
 e - a potion of flight {unknown}
 f - a potion of curing {unknown}
 i - a potion of berserk rage {unknown}
 k - 3 potions of brilliance
 l - 2 potions of mutation
 o - a potion of magic {unknown}


   Skills:
 + Level 6.6 Fighting
 + Level 1.3 Short Blades
 + Level 1.3 Long Blades
 + Level 6.6 Axes
 + Level 1.3 Maces & Flails
 + Level 1.3 Polearms
 + Level 1.3 Staves
 + Level 1.3 Slings
 + Level 1.3 Bows
 + Level 1.3 Crossbows
 + Level 1.3 Throwing
 + Level 4.7 Armour
 + Level 2.8 Dodging
 + Level 1.3 Stealth
 + Level 1.3 Shields
 + Level 1.3 Unarmed Combat
 + Level 1.3 Spellcasting
 + Level 1.0 Conjurations
 + Level 1.0 Hexes
 + Level 1.0 Summonings
 + Level 1.0 Necromancy
 + Level 1.0 Translocations
 + Level 1.0 Transmutations
 + Level 1.0 Fire Magic
 + Level 1.0 Ice Magic
 + Level 1.0 Air Magic
 + Level 1.0 Earth Magic
 + Level 1.0 Poison Magic
 + Level 1.4 Invocations
 + Level 1.3 Evocations


You had 3 spell levels left.
You knew the following spells:

 Your Spells              Type           Power      Damage    Failure   Level
a - Frozen Ramparts       Ice            6%         1d2       58%         3

Your spell library contained the following spells:

 Spells                   Type           Power      Damage    Failure   Level
 Ice Form                 Ice/Tmut       3%         N/A       94%         4
 Summon Ice Beast         Ice/Summ       3%         N/A       94%         4


Dungeon Overview and Level Annotations

Branches:
Dungeon (4/15)
 Temple: D:4-7

Altars:


Innate Abilities, Weirdness & Mutations

You have very sharp teeth.
Your uncanny sense of smell can sniff out nearby items.
Your experience applies equally to all skills.
You are frail. (-10% HP)
Potions are less effective at restoring your health.


Message History

The kobold shouts!
You hear an angry hiss.
Found a stone staircase leading up.
The kobold closely misses you.
You hit the kobold. You drain the kobold.
You kill the kobold!
No target in view!
d - a scroll labelled NEUNIP POGHENK
Found a stone staircase leading down.
g - 14 poisoned darts (gained 6) HP restored.
Found a dagger and 22 sling bullets.
You hear the slow rusting of a very distant drain.
Found 8 stones.
Found a scroll of enchant armour.
Found 29 stones.
Found 17 gold pieces.
h - 3 scrolls of enchant armour (gained 1)
You now have 125 gold pieces (gained 17).
Found a hand axe.
A hound skeleton and an ogre come into view.
Xom's power flows through you!
The ground around you becomes liquefied!
The ogre shouts!
The ogre closely misses you.
It was a potion of mutation.
You feel extremely strange.
You feel clever.
You feel healthier.
You feel frail.
Your system partially rejects the healing effects of potions.
A ball python comes into view.
The ball python hisses angrily.
You hit the ogre.
The ogre flickers and vanishes!
Deactivating autopickup; reactivate with Ctrl-A.
You hit the hound skeleton.
Lightning courses through the hound skeleton!
Something hits you!
The hound skeleton bites you but does no damage.
You barely miss something. You hit the hound skeleton.
You destroy the hound skeleton!
Something hits you!
You have reached level 5!
You closely miss something. Something hits you!!
You die...

#.# ∆ #... ....##
...... ##
....S.#####.. ..
#......#...∆ #((#
#.....{.### #....#
####.#.@...######
##..
................## .#
####.....).....
.##.### #.....##.###
......
#.##.....####....#...
...
#...(....#.#......
###
####...#....######
#....#.#..## #
###..#.##..# #


You could see a ball python (struggling).

Vanquished Creatures
  Jessica (D:2)
  A hound skeleton (D:4)
  Robin (D:3)
  An adder (D:2)
  A white imp (D:3)
  3 dart slugs
  A bat (D:1)
  An endoplasm (D:2)
  2 giant cockroaches
  11 goblins
  6 hobgoblins
  2 jackals (D:2)
  4 kobolds
  3 quokkas
  3 frilled lizards
  3 rats
44 creatures vanquished.

Notes
Turn   | Place    | Note
-------+----------+-------------------------------------------
     0 | D:1      | DearestLeader the Gnoll Chaos Knight began the quest for
                  | the Orb.
     0 | D:1      | Reached XP level 1. HP: 23/23 MP: 1/1
     2 | D:1      | Noticed a vine stalker
     2 | D:1      | Noticed a felid
     4 | D:1      | Noticed an octopode
     4 | D:1      | Noticed a ghoul
     6 | D:1      | Noticed a troll
     8 | D:1      | Noticed a tengu
     8 | D:1      | Noticed a vampire
    12 | D:1      | Noticed a minotaur
    14 | D:1      | Noticed a dwarf
    14 | D:1      | Noticed a naga
    16 | D:1      | Noticed a spriggan
    16 | D:1      | Noticed an ogre
    18 | D:1      | Noticed a merfolk
    18 | D:1      | Noticed a gargoyle
    20 | D:1      | Noticed a demonspawn
    20 | D:1      | Noticed a formicid
    22 | D:1      | Noticed an elf
    22 | D:1      | Noticed a demigod
    24 | D:1      | Noticed a draconian
    26 | D:1      | Noticed a human
    70 | D:1      | Found a faded altar of an unknown god.
   489 | D:1      | Reached XP level 2. HP: 29/29 MP: 2/2
   790 | D:2      | XOM: noise
   813 | D:2      | Reached XP level 3. HP: 14/35 MP: 3/3
   832 | D:2      | Noticed Jessica
   935 | D:1      | XOM: noise
  1026 | D:2      | XOM: confuse monster(s)
  1030 | D:2      | Killed Jessica
  1031 | D:2      | Reached skill level 1 in Short Blades
  1031 | D:2      | Reached skill level 1 in Long Blades
  1031 | D:2      | Reached skill level 1 in Maces & Flails
  1031 | D:2      | Reached skill level 1 in Polearms
  1031 | D:2      | Reached skill level 1 in Staves
  1031 | D:2      | Reached skill level 1 in Slings
  1031 | D:2      | Reached skill level 1 in Bows
  1031 | D:2      | Reached skill level 1 in Crossbows
  1031 | D:2      | Reached skill level 1 in Throwing
  1031 | D:2      | Reached skill level 1 in Stealth
  1031 | D:2      | Reached skill level 1 in Shields
  1031 | D:2      | Reached skill level 1 in Unarmed Combat
  1031 | D:2      | Reached skill level 1 in Spellcasting
  1031 | D:2      | Reached skill level 1 in Invocations
  1031 | D:2      | Reached skill level 1 in Evocations
  1186 | D:2      | Reached XP level 4. HP: 38/41 MP: 5/5
  1287 | D:2      | Learned a level 3 spell: Frozen Ramparts
  1306 | D:2      | XOM: swap monsters
  1327 | D:2      | XOM: give mutations
  1327 | D:2      | Gained mutation: You are dopey. (Int -2) [Xom's mischief]
  1327 | D:2      | Gained mutation: Your body sometimes deteriorates upon
                  | taking damage. [Xom's mischief]
  1896 | D:3      | Noticed Robin
  1997 | D:2      | XOM: divination: detect items
  2467 | D:3      | Reached skill level 1 in Conjurations
  2467 | D:3      | Reached skill level 1 in Hexes
  2467 | D:3      | Reached skill level 1 in Summonings
  2467 | D:3      | Reached skill level 1 in Necromancy
  2467 | D:3      | Reached skill level 1 in Translocations
  2467 | D:3      | Reached skill level 1 in Transmutations
  2467 | D:3      | Reached skill level 1 in Fire Magic
  2467 | D:3      | Reached skill level 1 in Ice Magic
  2467 | D:3      | Reached skill level 1 in Air Magic
  2467 | D:3      | Reached skill level 1 in Earth Magic
  2467 | D:3      | Reached skill level 1 in Poison Magic
  2476 | D:3      | Killed Robin
  2720 | D:3      | XOM: stat loss: -1 Int (9/10)
  3017 | D:4      | Noticed an ogre
  3017 | D:4      | XOM: cast spell 'Leda's Liquefaction'
  3021 | D:4      | Lost mutation: You are dopey. (Int -2) [potion of mutation]
  3021 | D:4      | Lost mutation: Your body sometimes deteriorates upon taking
                  | damage. [potion of mutation]
  3021 | D:4      | Gained mutation: You are frail. (-10% HP) [potion of
                  | mutation]
  3021 | D:4      | Gained mutation: Potions are less effective at restoring
                  | your health. [potion of mutation]
  3024 | D:4      | Reached XP level 5. HP: 14/42 MP: 6/6
  3024 | D:4      | Slain by an ogre

Illustrated notes

Levels and vault maps discovered:
D:1:      kb_arrival_jail, layout_loops_cross, chequers_ecumenical_altar_island
D:2:      layout_rooms, grunt_decor_clamped, lemuel_flame_loot_1, uniq_jessica
D:3:      layout_basic, uniq_robin
D:4:      layout_rooms, portal_sewer_entry_a

Skill      XL: |  1  2  3  4 |
---------------+-------------+-----
Short Blades   | 1 |  1.3
Long Blades    | 1 |  1.3
Maces & Flails | 1 |  1.3
Polearms       | 1 |  1.3
Staves         | 1 |  1.3
Slings         | 1 |  1.3
Bows           | 1 |  1.3
Crossbows      | 1 |  1.3
Throwing       | 1 |  1.3
Stealth        | 1 |  1.3
Shields        | 1 |  1.3
Unarmed Combat | 1 |  1.3
Spellcasting   | 1 |  1.3
Invocations    | 1 |  1.4
Evocations     | 1 |  1.3
Conjurations   | 1 |  1.0
Hexes          | 1 |  1.0
Summonings     | 1 |  1.0
Necromancy     | 1 |  1.0
Translocations | 1 |  1.0
Transmutations | 1 |  1.0
Fire Magic     | 1 |  1.0
Ice Magic      | 1 |  1.0
Air Magic      | 1 |  1.0
Earth Magic    | 1 |  1.0
Poison Magic   | 1 |  1.0
Fighting       | |  6.6
Axes           | |  6.6
Armour         | |  4.7
Dodging        | |  2.8

Action                   |  1- 3 |  4- 6 || total
-------------------------+-------+-------++-------
Melee: Hand axe          |    77 |    57 ||   134
       Bite              |     7 |     5 ||    12
       Punch             |     1 |       ||     1
  Use: Scroll            |       |     5 ||     5
       Potion            |       |     1 ||     1
Armor: Leather armour    |    23 |    18 ||    41
Dodge: Dodged            |    52 |    32 ||    84
